 Dungeon Crawl Stone Soup version 0.29-a0-284-gf9362112df (webtiles) character file.

Game seed: 13522313260899287243

2180 RollWeevil the Cleaver (level 9, -1/75 HPs)
             Began as a Minotaur Fighter on Apr 1, 2022.
             Was a Priest of Okawaru.
             Slain by an orc warrior
             ... wielding a +0 halberd
              (5 damage)
             ... on level 7 of the Dungeon.
             The game lasted 00:17:54 (6888 turns).

RollWeevil the Cleaver (Minotaur Fighter)           Turns: 6888, Time: 00:17:55

Health: -1/75      AC: 15    Str: 23    XL:     9   Next: 11%
Magic:  0/2        EV:  9    Int: 11    God:    Okawaru [***...]
Gold:   340        SH:  5    Dex: 12    Spells: 8/8 levels left

rFire   . . .      SeeInvis .   I - +4 flail (antimagic)
rCold   . . .      Faith    .   c - +0 buckler
rNeg    . . .      Spirit   +   H - +2 chain mail
rPois   .          Reflect  .   (helmet restricted)
rElec   .          Harm     .   B - +0 cloak
rCorr   .          Rampage  .   (no gloves)
Will    .....                   g - +0 pair of boots
Stlth   ..........              f - amulet of guardian spirit
HPRegen 0.22/turn               n - +6 ring of intelligence
MPRegen 0.08/turn               (no ring)

@: no status effects
A: horns 2, retaliatory headbutt
a: Renounce Religion, Heroism


You were on level 7 of the Dungeon.
You worshipped Okawaru.
Okawaru was most pleased with you.
You visited 1 branch of the dungeon, and saw 7 of its levels.

You collected 340 gold pieces.

Inventory:

Hand Weapons
 a - a +0 war axe
 h - a +2 scythe of flaming
 k - a +1 dagger of holy wrath
 v - a +1 spear of venom
 A - a +3 quarterstaff of chaos
 C - a +0 great sword
 E - a +0 shortbow
 G - a +0 falchion of electrocution
 I - a +4 antimagic flail (weapon)
Missiles
 d - 2 throwing nets
 e - 210 stones
 y - 6 poisoned darts
Armour
 b - a +0 scale mail
 c - a +0 buckler (worn)
 g - a +0 pair of boots (worn)
 B - a +0 cloak (worn)
 H - a +2 chain mail (worn)
Jewellery
 f - an amulet of guardian spirit (around neck)
 n - a +6 ring of intelligence (left hand)
 t - a ring of fire
Wands
 u - a wand of flame (27) (quivered)
Scrolls
 j - 2 scrolls of blinking
 J - a scroll of fog {unknown}
 K - a scroll of amnesia
Potions
 i - 3 potions of brilliance
 l - a potion of cancellation {unknown}
 m - a potion of haste {unknown}
 o - 4 potions of curing {unknown}
 p - a potion of attraction {unknown}
 q - 2 potions of resistance {unknown}
 r - a potion of heal wounds {unknown}
 s - a potion of invisibility
 w - 2 potions of mutation {unknown}
 x - 2 potions of flight
 z - 2 potions of might
 D - a potion of degeneration {unknown}
 F - a potion of magic {unknown}


   Skills:
 + Level 6.2 Fighting
 + Level 9.6 Axes
 + Level 8.4 Armour
 + Level 2.6 Dodging
 + Level 2.0 Stealth
 + Level 5.6 Shields


You had 8 spell levels left.
You didn't know any spells.
Your spell library contained the following spells:

 Spells                   Type           Power      Damage    Failure   Level
 Magic Dart               Conj           0%         1d3       95%         1
 Blink                    Tloc           0%         N/A       99%         2
 Corpse Rot               Necr/Air       0%         N/A       99%         2
 Poisonous Vapours        Pois/Air       0%         N/A       99%         2
 Searing Ray              Conj           0%         2d4       99%         2
 Fulminant Prism          Conj/Hex       0%         3d6       100%        4
 Passage of Golubria      Tloc           0%         N/A       100%        4
 Manifold Assault         Tloc           0%         N/A       100%        5
 Yara's Violent Unravell  Hex/Tmut       0%         3d3       100%        5
 Storm Form               Tmut/Air       0%         N/A       100%        7
 Tukima's Dance           Hex            Unusable   N/A       N/A         3

Dungeon Overview and Level Annotations

Branches:
Dungeon (7/15)             Temple (0/1) D:4

Altars:
Dithmenos
Elyvilon
Fedhas
Hepliaklqana
Okawaru
Ru
Vehumet
Wu Jian
Yredelemnul
The Shining One


Innate Abilities, Weirdness & Mutations

You have a pair of horns on your head.
You reflexively headbutt those who attack you in melee.


Message History

The orc priest calls down the wrath of Beogh upon you.
Beogh smites you! The orc barely misses you.
The orc priest begins to cast a cantrip, but forgets the words!
The orc wizard gestures wildly while chanting.
The orc wizard flickers and vanishes!
Deactivating autopickup; reactivate with Ctrl-A.
A wight comes into view. It is wielding a +1 long sword.
A wight comes into view. It is wielding a +0 short sword.
The orc attacks as you move away! The orc hits you but does no damage.
The orc priest looks braver for a moment.
The orc attacks as you move away! The orc hits you with a +0 hand axe.
An orc wizard comes into view. It is wielding a +0 dagger.
The orc warrior hits you from afar with a +0 halberd!
The orc barely misses you.
You see here 8 stones.
You hit the orc.
The orc is moderately wounded.
The orc priest mumbles some strange prayers to Beogh against you.
Beogh smites you! The orc hits you but does no damage.
The orc warrior hits you but does no damage.
You sock the orc!
You kill the orc!
Okawaru accepts your kill.
The orc warrior hits you from afar with a +0 halberd.
The orc warrior hits you but does no damage.
Things that are here:
a +0 hand axe; an orc corpse You barely miss the orc warrior.
The orc priest calls down the wrath of Beogh upon you.
Beogh smites you!
The orc warrior hits you with a +0 halberd!
* * * LOW HITPOINT WARNING * * *
You thump the orc warrior!
The orc warrior is moderately wounded.
The orc warrior hits you with a +0 halberd!
* * * LOW HITPOINT WARNING * * *
A wight comes into view.
It is wielding a +5 battleaxe of freezing.
The orc priest begins to cast a cantrip, but forgets the words!
The orc warrior hits you with a +0 halberd.
You die...

#.# #.# #.# #.# ...
#.# ..) #.# ...# #<#
....#
#.##############....#
#..†......@o(zo.....#
#############oz#z...#
#..# ..# .......o.# #
....{.#z## .......z#
####. .o# [.8##....
.... ..#.


You could see an orc warrior, 3 wights and 2 orc priests.

Vanquished Creatures
  Sigmund (D:6)
  Edmund (D:6)
  Menkaure (D:4)
  2 water moccasins
  Duvessa (D:6)
  An ice beast (D:5)
  4 black bears
  An ogre (D:5)
  A centaur (D:5)
  Blork the orc (D:4)
  2 scorpions
  Dowan (D:6)
  2 howler monkeys (D:7)
  A jelly (D:5)
  3 hounds
  An orc priest (D:4)
  Crazy Yiuf (D:4)
  A gnoll shaman (D:6)
  An orc wizard (D:3)
  2 hound zombies (D:3)
  16 gnolls
  5 adders
  2 white imps
  2 adder zombies (D:3)
  A worm (D:3)
  3 dart slugs
  11 orcs
  6 endoplasms
  6 giant cockroaches
  9 goblins
  6 hobgoblins
  11 kobolds
  3 quokkas
  9 ball pythons
  9 bats
  3 frilled lizards
  6 rats
137 creatures vanquished.

Notes
Turn   | Place    | Note
-------+----------+-------------------------------------------
     0 | D:1      | RollWeevil the Minotaur Fighter began the quest for the
                  | Orb.
     0 | D:1      | Reached XP level 1. HP: 19/19 MP: 0/0
   163 | D:1      | Reached XP level 2. HP: 27/27 MP: 1/1
   756 | D:1      | Reached XP level 3. HP: 33/33 MP: 2/2
  1475 | D:2      | Reached skill level 3 in Axes
  1547 | D:2      | Found a hazy altar of Hepliaklqana.
  2046 | D:3      | Reached XP level 4. HP: 40/40 MP: 3/3
  2101 | D:3      | Reached skill level 4 in Axes
  2166 | D:3      | Reached skill level 5 in Armour
  2177 | D:3      | Reached XP level 5. HP: 44/46 MP: 4/4
  2194 | D:3      | Found a basalt altar of Yredelemnul.
  2285 | D:3      | Found a glowing golden altar of the Shining One.
  2421 | D:3      | Found an iron altar of Okawaru.
  2477 | D:3      | Became a worshipper of Warmaster Okawaru
  2979 | D:4      | Noticed a black bear
  2981 | D:4      | Found a staircase to the Ecumenical Temple.
  2987 | D:4      | Killed a black bear
  2988 | D:4      | Reached skill level 5 in Axes
  2988 | D:4      | Reached XP level 6. HP: 52/52 MP: 5/5
  3043 | D:4      | Noticed Blork the orc
  3046 | D:4      | Reached * piety under Okawaru
  3047 | D:4      | Reached skill level 1 in Dodging
  3091 | D:4      | Killed Blork the orc
  3092 | D:4      | Reached skill level 6 in Axes
  3529 | D:4      | Reached XP level 7. HP: 45/60 MP: 6/6
  3957 | D:4      | Found an ornate altar of the Wu Jian Council.
  3957 | D:4      | Noticed Menkaure
  3963 | D:4      | Killed Menkaure
  3964 | D:4      | Reached skill level 1 in Stealth
  3967 | D:4      | Found a white marble altar of Elyvilon.
  3967 | D:4      | Found a shadowy altar of Dithmenos.
  4424 | D:4      | Found a runed translucent door.
  4425 | D:4      | Noticed Crazy Yiuf
  4430 | D:4      | Killed Crazy Yiuf
  4431 | D:4      | Reached skill level 5 in Fighting
  4499 | D:5      | Entered Level 5 of the Dungeon
  4511 | D:5      | Reached ** piety under Okawaru
  4512 | D:5      | Reached skill level 7 in Axes
  4699 | D:5      | Reached XP level 8. HP: 68/68 MP: 7/7
  4713 | D:5      | Found a radiant altar of Vehumet.
  4719 | D:5      | Reached skill level 5 in Shields
  4765 | D:5      | Found a blossoming altar of Fedhas.
  5115 | D:5      | Reached skill level 8 in Axes
  5972 | D:6      | Noticed Duvessa
  5973 | D:6      | Noticed Dowan
  5980 | D:6      | Killed Duvessa
  5984 | D:6      | Killed Dowan
  5984 | D:6      | Reached *** piety under Okawaru
  5985 | D:6      | Reached skill level 9 in Axes
  6166 | D:6      | Noticed Sigmund
  6179 | D:6      | Killed Sigmund
  6180 | D:6      | Reached XP level 9. HP: 45/75 MP: 4/8
  6559 | D:6      | Noticed Edmund
  6575 | D:6      | Killed Edmund
  6781 | D:6      | Found a sacrificial altar of Ru.
  6888 | D:7      | Slain by an orc warrior

Illustrated notes

Levels and vault maps discovered:
D:1:      matt_arrival_los_fun, layout_basic
D:2:      layout_basic, basic_altar
D:3:      layout_loops_corners, nicolae_yredelemnul_corpse_copse, tso_altar,
          okawaru_altar_gauntlet_db, dk_vineyard_3,
          hangedman_decor_clover_reticule
D:4:      layout_loops_ring, chequers_temple_overflow_statue_of_worship,
          minmay_temple_entry_antechambers, minmay_misc_feat_four_crosses,
          uniq_blork_the_orc, uniq_crazy_yiuf_cottage, uniq_menkaure
D:5:      layout_cave_pods, nicolae_vehumet_altar_sigil,
          fedhas_bush_and_centaur_altar
D:6:      layout_cave_pods, nicolae_ru_the_path_less_chosen,
          minmay_crystal_room, uniq_edmund, uniq_duvessa, uniq_sigmund
D:7:      minmay_the_grid_octo_tiled_squarecenter
          [minmay_the_grid_octo_vomiting_pacman, minmay_the_grid_octo_toaster,
          minmay_the_grid_octo_concentric, minmay_the_grid_octo_clover_2,
          minmay_the_grid_square_5x5_megaprize_open,
          minmay_the_grid_square_5x5_plus, minmay_the_grid_square_5x5_mess,
          minmay_the_grid_square_5x5_two_small,
          minmay_the_grid_square_5x5_inset], layout_loops_ring,
          gammafunk_ghost_arena

Skill      XL: |  1  2  3  4  5  6  7  8  9 |
---------------+----------------------------+-----
Armour         | 4 5 6 7 8 |  8.4
Fighting       | 4 5 6 |  6.2
Shields        | 4 5 |  5.6
Axes           | 3 4 5 6 7 9 |  9.6
Dodging        | 1 2 |  2.6
Stealth        | 1 2 |  2.0

Action                   |  1- 3 |  4- 6 |  7- 9 || total
-------------------------+-------+-------+-------++-------
Melee: War axe           |    80 |   102 |   119 ||   301
       Headbutt          |     7 |    19 |    23 ||    49
       Flail             |       |       |     7 ||     7
  Use: Scroll            |     4 |     1 |     5 ||    10
       Potion            |       |     2 |     1 ||     3
 Stab: Invisible         |       |     3 |       ||     3
Armor: Scale mail        |    35 |    55 |    48 ||   138
       Chain mail        |       |       |    14 ||    14
Dodge: Dodged            |    40 |    53 |    60 ||   153
Block: Buckler           |    15 |    30 |    29 ||    74

Table legend: (Time is in decaauts)
 A = Elapsed time spent in this place.
 B = Non-inter-level travel time spent in this place.
 C = Inter-level travel time spent in this place.
 D = Time resting spent in this place.
 E = Time spent auto-exploring this place.
 F = Levels seen in this place.
 G = Mean time per level.
                   A        B        C        D        E       F      G
               +--------+--------+--------+--------+--------+-----+--------+
         Total |   6965 |   6644 |    321 |   1178 |   4358 |   7 |  995.0 |
       Dungeon |   6965 |   6644 |    321 |   1178 |   4358 |   7 |  995.0 |
               +--------+--------+--------+--------+--------+-----+--------+

Top non-repeatable levels by time:
     D:4: 1610 daAuts
     D:5: 1253 daAuts
     D:6: 1114 daAuts
     D:1: 1084 daAuts
     D:3: 942 daAuts
     D:2: 930 daAuts
     D:7: 30 daAuts
